 Dungeon Crawl Stone Soup version 0.19.1-1-g22dce08 (webtiles) character file.

156 Peloso the Slasher (level 5, 0/42 HPs)
             Began as a Ghoul Gladiator on Jan 1, 2017.
             Slain by Grinder (2 damage)
             ... while paralysed by Grinder
             ... on level 3 of the Dungeon.
             The game lasted 00:03:39 (1635 turns).

Peloso the Slasher (Ghoul Gladiator)                Turns: 1635, Time: 00:03:39

Health: 0/42       AC:  4    Str: 19    XL:     5   Next: 37%
Magic:  4/4        EV:  2    Int:  3    God:
Gold:   113        SH:  0    Dex: 10    Spells: 0 memorised, 4 levels left

rFire  . . .     SeeInvis .     a - +0 long sword
rCold  + . .     Gourm    .     b - +0 leather armour
rNeg   + + +     Faith    .     r - +0 large shield
rPois  ∞         Spirit   .     c - +0 helmet
rElec  .         Reflect  .     (no cloak)
rCorr  .         Harm     .     (no gloves)
MR     .....                    (no boots)
Stlth  +.........               (no amulet)
                                (no ring)
                                q - +6 ring of evasion

@: paralysed, rotting
A: rotting body, claws 1, carnivore 3, cold resistance 1, negative energy
resistance 3, slow regeneration 1, torment resistance, unbreathing
a: no special abilities


You were on level 3 of the Dungeon.
You were not hungry.

You visited 1 branch of the dungeon, and saw 3 of its levels.

You collected 113 gold pieces.

Inventory:

Hand Weapons
 a - a +0 long sword (weapon)
Missiles
 d - 3 throwing nets (quivered)
Armour
 b - a +0 leather armour (worn)
 c - a +0 helmet (worn)
 r - a +0 large shield (worn)
 u - a +0 chain mail
Jewellery
 q - a +6 ring of evasion (left claw)
Wands
 s - a wand of slowing (2/48)
Scrolls
 i - a scroll of fear {unknown}
 j - 3 scrolls of recharging {unknown}
 k - a scroll of teleportation {unknown}
 n - 2 scrolls of identify {unknown}
 o - a scroll of enchant weapon {unknown}
 t - a scroll of amnesia {unknown}
Potions
 e - a potion of resistance {unknown}
 g - a potion of flight {unknown}
 l - a potion of haste {unknown}
 p - a potion of berserk rage {unknown}
Comestibles
 f - 2 meat rations
 h - a royal jelly
 m - 2 slices of pizza


   Skills:
 + Level 2.5 Fighting
 + Level 3.9 Long Blades
 + Level 1.8 Throwing
 + Level 1.6 Armour
 + Level 3.2 Dodging
 + Level 1.5 Shields


You had 4 spell levels left.
You didn't know any spells.

Dungeon Overview and Level Annotations

Branches:
Dungeon (3/15)

Altars:

Annotations:
D:3 Grinder


Innate Abilities, Weirdness & Mutations

Your body is rotting away.
You thrive on raw meat.
You are immune to poison.
You have sharp fingernails.
You are carnivorous and can eat meat at any time.
Your flesh is cold resistant. (rC+)
You are immune to negative energy. (rN+++)
You regenerate slowly when monsters are visible.
You are immune to unholy pain and torment.
You can survive without breathing.


Message History

You closely miss Grinder.
Grinder is almost dead.
Grinder blinks!
Grinder blinks!
You barely miss Grinder.
Grinder is almost dead.
Grinder hits you!
* * * LOW HITPOINT WARNING * * *
You hit Grinder but do no damage.
Grinder is almost dead.
Grinder gestures at you.
You suddenly lose the ability to move!
Grinder hits you!
* * * LOW HITPOINT WARNING * * *
Grinder hits you.
* * * LOW HITPOINT WARNING * * *
Grinder gestures at you.
You barely resist. Grinder hits you.
You die...

..# ## ..# # #.#..# #.##
#....# #.$# #....# ..8#
.#..### #### ##.5.#..
###### ##.@..#.# ... .....#
#.....#.# ... ..##.#
#.#...#.# .... ...#
######.#.###.#..... ...#
.....).......#.....
...################........
...#...........#........###
...#.#########.####...####
#####
####.#.....................
.....


You could see Grinder.

Vanquished Creatures
  A black bear (D:3)
  Terence (D:2)
  An adder (D:2)
  A worm (D:2)
  A dart slug (D:3)
  A leopard gecko (D:1)
  6 hobgoblins
  2 quokkas (D:2)
  A ball python (D:3)
  3 frilled lizards (D:2)
  4 goblins
  4 kobolds
  7 rats
33 creatures vanquished.

Notes
Turn   | Place    | Note
-------+----------+-------------------------------------------
     0 | D:1      | Peloso the Ghoul Gladiator began the quest for the Orb.
     0 | D:1      | Reached XP level 1. HP: 17/17 MP: 0/0
   203 | D:1      | Reached XP level 2. HP: 3/24 MP: 1/1
   885 | D:2      | Reached XP level 3. HP: 25/30 MP: 2/2
   996 | D:2      | Reached skill level 1 in Armour
  1032 | D:2      | Noticed Terence
  1044 | D:2      | Killed Terence
  1044 | D:2      | Reached XP level 4. HP: 14/37 MP: 3/3
  1384 | D:3      | Noticed a black bear
  1399 | D:3      | Killed a black bear
  1399 | D:3      | Reached skill level 1 in Shields
  1399 | D:3      | Reached XP level 5. HP: 23/42 MP: 4/4
  1592 | D:3      | Noticed Grinder
  1616 | D:3      | Paralysed by Grinder for 2 turns
  1631 | D:3      | Paralysed by Grinder for 5 turns
  1633 | D:3      | HP: 2/42 [Grinder (4)]
  1635 | D:3      | Slain by Grinder

Skill      XL: |  1  2  3  4 |
---------------+-------------+-----
Long Blades    | 3 |  3.9
Armour         | 1 |  1.6
Dodging        | 3 |  3.2
Shields        | 1 |  1.5
Fighting       | |  2.5
Throwing       | |  1.8

Action                   |  1- 3 |  4- 6 || total
-------------------------+-------+-------++-------
Melee: Long sword        |    70 |    69 ||   139
  Eat: Chunk             |     4 |     3 ||     7
Armor: Leather armour    |    26 |    13 ||    39
Dodge: Dodged            |    42 |    52 ||    94
Block: Large shield      |    23 |    44 ||    67
       Rpst.: Long sword |    18 |     8 ||    26
